 Dungeon Crawl Stone Soup version 0.23.0 (webtiles) character file.

Game seed: 3579252641561846810

625 Jethus the Conjurer (level 7, -1/56 HPs)
             Began as a White Draconian Conjurer on Feb 18, 2019.
             Slain by a centaur
             ... wielding a +0 falchion
              (6 damage)
             ... on level 5 of the Dungeon.
             The game lasted 00:23:22 (5146 turns).

Jethus the Conjurer (White Draconian Conjurer)      Turns: 5146, Time: 00:23:22

Health: -1/56      AC:  7    Str: 10    XL:     7   Next: 23%
Magic:  3/10       EV: 13    Int: 18    God:
Gold:   282        SH:  0    Dex:  9    Spells: 2/12 levels left

rFire    . . .     SeeInvis .   i - +0 lajatang
rCold    + . .     Gourm    .   (shield currently unavailable)
rNeg     . . .     Faith    .   (armour unavailable)
rPois    .         Spirit   .   (helmet restricted)
rElec    .         Reflect  .   (no cloak)
rCorr    .         Harm     .   l - +0 pair of gloves
MR       .....     Clarity  +   (no boots)
Stlth    ++........             (no amulet)
HPRegen  0.18/turn              e - +1 ring of slaying
MPRegen  0.12/turn              (no ring)

@: no status effects
A: breathe frost, unfitting armour, clarity, clumsy 1, cold resistance 1, low mp
1, cold-blooded, AC +6
a: Breathe Frost


You were on level 5 of the Dungeon.
You were not hungry.

You visited 1 branch of the dungeon, and saw 5 of its levels.

You collected 282 gold pieces.

Inventory:

Hand Weapons
 i - a +0 lajatang (weapon)
Missiles
 c - a poisoned needle (quivered)
Armour
 h - the cursed +0 helmet of Crawling {Str+6 Int+3}
   (You took it off Robin on level 2 of the Dungeon)

   It affects your strength (+6).
   It affects your intelligence (+3).
   It has a curse placed upon it.
 l - a +0 pair of gloves (worn)
Jewellery
 d - a +2 ring of strength
 e - a +1 ring of slaying (left hand)
 p - a cursed -2 ring of slaying
Wands
 r - a wand of paralysis (12)
 s - a wand of polymorph (9)
Scrolls
 g - 2 scrolls of enchant weapon {unknown}
 j - a scroll of enchant armour {unknown}
 m - 2 scrolls of teleportation {unknown}
 o - a scroll of amnesia {unknown}
 q - 2 scrolls of identify
 t - a scroll of remove curse
Potions
 a - a potion of flight
Comestibles
 b - 6 rations


   Skills:
 + Level 2.9 Fighting
 + Level 2.0 Staves
 + Level 3.3 Dodging
 + Level 3.3 Stealth
 * Level 3.4 Spellcasting
 * Level 5.8 Conjurations


You had 2 spell levels left.
You knew the following spells:

 Your Spells              Type           Power        Failure   Level  Hunger
a - Magic Dart            Conj           ###.         1%          1    None
b - Searing Ray           Conj           ###...       2%          2    ##.....
c - Dazzling Spray        Conj/Hex       ##....       14%         3    ###....
d - Iskenderun's Mystic   Conj           ###.....     14%         4    ####...

Your spell library contained the following spells:

 Spells                   Type           Power        Failure   Level  Hunger
 Force Lance              Conj/Tloc      ##......     43%         4    ####...
 Fulminant Prism          Conj/Hex       ##........   43%         4    ####...


Dungeon Overview and Level Annotations

Branches:
Dungeon (5/15)
 Temple: D:4-7

Altars:
Ashenzari
The Shining One


Innate Abilities, Weirdness & Mutations

You can breathe waves of freezing cold.
You can buffet flying creatures when you breathe cold.
Your icy white scales are hard. (AC +6)
You cannot fit into any form of body armour.
Your flesh is cold resistant. (rC+)
You are cold-blooded and may be slowed by cold attacks.
You possess an exceptional clarity of mind.
You are clumsy. (Dex -2)
Your magical capacity is low. (-10% MP)


Message History

The centaur is heavily wounded. (Press . to maintain the ray.)
The centaur hits you with a +0 falchion.
* * * LOW HITPOINT WARNING * * *
The centaur barely misses you.
The searing ray hits the centaur but does no damage.
The centaur is heavily wounded.
The centaur barely misses you.
The centaur hits you with a +0 falchion!
* * * LOW HITPOINT WARNING * * *
Casting: Searing Ray (safe; 2% risk of failure)
Confirm with . or Enter, or press ? or * to list all spells.
Aiming: Searing Ray (safe; 2% risk of failure)
Press: ? - help, Shift-Dir - straight line, f/p - centaur
Aim: a centaur, wielding a +0 falchion (heavily wounded, berserk, fast, unusually strong)
The searing ray hits the centaur.
The centaur is severely wounded. (Press . to maintain the ray.)
The centaur hits you with a +0 falchion.
You die...

........................####..##
(..........######.......# ##.#
(.....###### #(......# #[#
......# #......## #.#
(.....###########......# #.#
).....(.c...(.......#### #.###
...).(#########(.......######....
)....(# #.c................
).)..(# #.@......#####...[<
......# ########## #..... #######
#..... ######


You could see a centaur (berserk).

Vanquished Creatures
  A phantom (D:5)
  Terence (D:2)
  3 worker ants
  4 orc wizards
  A hound skeleton (D:5)
  Robin (D:2)
  11 adders
  6 gnolls
  An ooze (D:3)
  3 worms
  3 dart slugs
  2 leopard geckos
  18 orcs
  4 ball pythons
  5 giant cockroaches
  12 goblins
  12 hobgoblins
  6 jackals
  5 quokkas
  9 bats
  9 frilled lizards
  A jackal skeleton (D:4)
  4 kobolds
  5 rats
127 creatures vanquished.

Notes
Turn   | Place    | Note
-------+----------+-------------------------------------------
     0 | D:1      | Jethus the Draconian Conjurer began the quest for the Orb.
     0 | D:1      | Reached XP level 1. HP: 14/14 MP: 3/3
   390 | D:1      | Reached XP level 2. HP: 20/20 MP: 1/5
   721 | D:1      | Reached XP level 3. HP: 27/27 MP: 4/6
  1155 | D:2      | Reached skill level 1 in Fighting
  1213 | D:2      | Gained mutation: You are clumsy. (Dex -2) [potion of
                  | mutation]
  1213 | D:2      | Gained mutation: Your magical capacity is low. (-10% MP)
                  | [potion of mutation]
  1213 | D:2      | Gained mutation: You possess an exceptional clarity of
                  | mind. [potion of mutation]
  1454 | D:2      | Reached XP level 4. HP: 35/35 MP: 0/6
  1593 | D:2      | Identified the cursed +0 helmet of Crawling {Str+6 Int+3}
  1593 | D:2      | Noticed Robin
  1718 | D:2      | Killed Robin
  2002 | D:2      | Found a glowing golden altar of the Shining One.
  2166 | D:2      | Reached XP level 5. HP: 34/41 MP: 0/7
  2504 | D:2      | Noticed Terence
  2516 | D:2      | Killed Terence
  2516 | D:2      | Reached skill level 5 in Conjurations
  2561 | D:2      | Learned a level 2 spell: Searing Ray
  2565 | D:2      | Learned a level 3 spell: Dazzling Spray
  2602 | D:3      | Reached skill level 1 in Staves
  3282 | D:3      | Reached XP level 6. HP: 45/48 MP: 3/9
  3862 | D:4      | Found a shattered altar of Ashenzari.
  4415 | D:5      | Entered Level 5 of the Dungeon
  4604 | D:4      | Learned a level 4 spell: Iskenderun's Mystic Blast
  4888 | D:5      | Your scales start taking on an icy white colour.
  4888 | D:5      | Reached XP level 7. HP: 54/56 MP: 7/10
  4888 | D:5      | Gained mutation: Your flesh is cold resistant. (rC+) [White
                  | Draconian growth]
  5146 | D:5      | Slain by a centaur

Skill      XL: |  1  2  3  4  5  6  7 |
---------------+----------------------+-----
Stealth        | 2 3 |  3.3
Dodging        | 2 3 |  3.3
Fighting       | 1 2 |  2.9
Conjurations   | 5 |  5.8
Staves         | 1 2 |  2.0
Spellcasting   | 3 |  3.4

Action                   |  1- 3 |  4- 6 |  7- 9 || total
-------------------------+-------+-------+-------++-------
Melee: Short sword       |    12 |    43 |       ||    55
       Lajatang          |       |   135 |    49 ||   184
       Tailslap          |       |     9 |     6 ||    15
 Cast: Magic Dart        |    52 |   153 |    29 ||   234
       Dazzling Spray    |       |     1 |       ||     1
       Searing Ray       |       |     1 |     2 ||     3
       Iskenderun's Myst |       |       |     2 ||     2
  Use: Potion            |     1 |     3 |     3 ||     7
       Scroll            |       |     3 |       ||     3
  Eat: Chunk             |     2 |    10 |       ||    12
       Ration            |       |     1 |       ||     1
Armor: Skin              |     2 |    85 |    32 ||   119
Dodge: Dodged            |    15 |   217 |    63 ||   295
